 Dungeon Sprint DCSS version 0.30.1-6-gbe392663c4 (webtiles) character file.

Game seed: 17143940951411505493

24811 Heoruswealwe the Minotaur Porcupine (level 12, -5/134 HPs)
             Began as a Minotaur Fighter on Sept 21, 2023.
             Was the Champion of the Shining One.
             Killed from afar by a fire dragon (41 damage)
             ... with a blast of flame
             ... in the Dungeon (Sprint IX: "|||||||||||||||||||||||||||||").
             The game lasted 00:28:39 (2407 turns).

Heoruswealwe the Minotaur Porcupine (MiFi)          Turns: 2407, Time: 00:28:40

Health: -5/134     AC: 25    Str: 37    XL:     12   Next: 84%
Magic:  11/11      EV:  9    Int:  5    God:    the Shining One [******]
Gold:   132        SH:  0    Dex: 11    Spells: 11/11 levels left

rFire   . . .        b - +9 halberd (flame)
rCold   . . .        (shield currently unavailable)
rNeg    + + +        c - +2 plate armour
rPois   .            (helmet restricted)
rElec   .            h - +0 cloak
rCorr   .            f - +0 pair of gloves
SInv    .            (no boots)
Will    .....        (no amulet) Stlth
                     k - +6 ring of strength
HPRegen 0.42/turn    j - +6 ring of strength
MPRegen 0.12/turn

%: no teleportation
@: glowing
A: horns 2, retaliatory headbutt
a: Renounce Religion, Divine Shield, Cleansing Flame, Summon Divine Warrior,
Brand Weapon With Holy Wrath


You were in the Dungeon.
You worshipped the Shining One.
The Shining One was exalted by your worship.
You visited 1 branch You collected 1930 gold pieces.
You spent 1798 gold pieces at shops.

Inventory:

Hand Weapons
 a - a +0 trident
 b - a +9 halberd of flaming (weapon)
 v - a +0 glaive
Armour
 c - a +2 plate armour (worn)
 d - a +0 tower shield
 f - a +0 pair of gloves (worn)
 h - a +0 cloak (worn)
Jewellery
 g - a ring of protection from fire
 j - a +6 ring of strength (right hand)
 k - a +6 ring of strength (left hand)
 C - a ring of protection from fire
Wands
 s - a wand of acid (10)
 u - a wand of digging (5)
Scrolls
 n - 4 scrolls of blinking
 p - a scroll of identify
 q - a scroll of enchant weapon
 r - 4 scrolls of enchant armour
Potions
 e - 10 potions of curing
 i - 2 potions of berserk rage
 l - 6 potions of heal wounds
 m - 2 potions of might
 o - a potion of mutation
 t - a potion of flight
 x - a potion of haste


   Skills:
 + Level 20.6 Fighting
 O Level 27 Polearms
 + Level 20.6 Armour
 - Level 3.6 Shields


You had 11 spell levels left.
You didn't know any spells.
Your spell library contained the following spells:

 Spells                   Type           Power      Damage    Failure   Level
 Dazzling Flash           Conj/Hex       0%         N/A       99%         3
 Volatile Blastmotes      Fire/Tloc      0%         2d10      99%         3
 Iskenderun's Mystic Bla  Conj/Tloc      0%         2d3       100%        4
 Starburst                Conj/Fire      0%         6d3       100%        6


Dungeon Overview and Level Annotations

Branches:
Dungeon (1/1)

Altars:
Cheibriados
Dithmenos
Elyvilon
Fedhas
Gozag
Hepliaklqana
Kikubaaqudgha
Makhleb
Nemelex Xobeh
Okawaru
Qazlal
Ru
Sif Muna
Trog
Uskayaw
Vehumet
Wu Jian
Xom
Yredelemnul
Zin
The Shining One
Jiyva
Lugonu

Shops:
D =**!


Innate Abilities, Weirdness & Mutations

You have a pair of horns on your head.
You reflexively headbutt those who attack you in melee.


Message History

You burn the vampire knight. You headbutt the vampire knight.
The vampire knight is almost destroyed.
The vampire knight hits you with a +1 dire flail!
The vampire knight barely misses you. The fire dragon bites you.
The fire dragon barely misses you.
The fire dragon tramples you but does no damage.
You hit the vampire knight. You burn the vampire knight.
The vampire knight is almost destroyed.
The vampire knight hits you but does no damage.
The vampire knight bites you but does no damage.
You hit the vampire knight but do no damage.
The vampire knight is almost destroyed.
The fire dragon bites you.
The fire dragon claws you but does no damage.
The fire dragon tramples you.
You hold your ground!
The vampire knight hits you with a +1 dire flail!
The vampire knight closely misses you.
You hit the vampire knight but do no damage.
The vampire knight is almost destroyed.
The vampire knight hits you with a +1 dire flail.
The vampire knight bites you but does no damage.
The fire dragon bites you but does no damage.
The fire dragon claws you but does no damage.
The fire dragon tramples you but does no damage.
A red ugly thing comes into view.
The red ugly thing gurgles horribly!
You slash the vampire knight! You burn the vampire knight.
You destroy the vampire knight!
The Shining One accepts your kill.
You feel better. The fire dragon bites you!
* * * LOW HITPOINT WARNING * * *
The fire dragon completely misses you.
The fire dragon tramples you but does no damage.
You slice the fire dragon!! You burn the fire dragon.
The fire dragon is heavily wounded.
You barely miss the fire dragon.
The fire dragon is heavily wounded.
The fire dragon breathes flames at you. The blast of flame hits you!!!
You die...

▓.▓.▓.▓.▓.▓.▓
▓.▓.▓'▓.▓?▓.▓.▓
▓.▓.▓?▓.▓.▓.▓.▓
▓.▓.▓)▓.▓∩▓.▓u▓
▓)▓.▓.▓.▓[▓.▓C▓
▓[▓.▓.▓.▓∩▓.▓T▓
▓.▓.▓.▓.▓.▓.▓C▓
▓.▓.▓.▓)▓∩▓.▓D▓
▓[▓.▓.▓.▓!▓.▓@▓
▓.▓.▓.▓.▓∩▓.▓)▓
▓[▓.▓.▓.▓[▓.▓†▓
▓)▓.▓.▓.▓)▓.▓)▓
▓?▓.▓.▓.▓†▓.▓.▓
▓!▓.▓.▓.▓(▓.▓'▓
▓'▓.▓÷▓.▓.▓.▓.▓
▓_▓.▓.▓.▓'▓.▓?▓
▓_▓.▓.▓.▓.▓.▓.▓


You could see a frost giant, a fire dragon (catching breath), a red ugly thing,
an ettin and a deep troll shaman.

Vanquished Creatures
  2 stone giants (D)
  A vampire knight (D)
  5 ogre magi (D)
  A centaur warrior (D)
  Erolcha (D)
  2 catoblepae (D)
  A two-headed ogre (D)
  A tengu warrior (D)
  3 death yaks (D)
  A skyshark (D)
  An iron troll (D)
  4 deep trolls (D)
  A wizard (D)
  2 orc knights (D)
  A deep elf pyromancer (D)
  An ugly thing (D)
  An elephant (D)
  Maurice (D)
  A cyclops (D)
  2 black mambas (D)
  2 cane toads (D)
  Joseph (D)
  2 yaktaurs (shapeshifter) (D)
  Psyche (D)
  An unseen horror (D)
  A komodo dragon (D)
  A rime drake (D)
  A tengu conjurer (D)
  2 trolls (D)
  A polar bear (D)
  3 blink frogs (D)
  2 slime creatures (D)
  4 wyverns (D)
  6 yaks (D)
  An acid dragon (D)
  13 orc warriors (D)
  A centaur (D)
  A bullfrog (D)
  A scorpion (D)
  A howler monkey (D)
  5 orc priests (D)
  An iguana (D)
  4 orc wizards (D)
  An ufetubus (D)
  5 orcs (D)
  An endoplasm (D)
  A kobold (D)
  A quokka (D)
  A ball python (D)
  A frilled lizard (D)
100 creatures vanquished.

Notes
Turn   | Place    | Note
-------+----------+-------------------------------------------
     0 | D        | Heoruswealwe the Minotaur Fighter began the quest for the
                  | Orb.
     0 | D        | Reached XP level 1. HP: 19/19 MP: 0/0
     7 | D        | Reached skill level 3 in Polearms
    25 | D        | Noticed a scorpion
    25 | D        | Noticed an iguana
    30 | D        | Reached skill level 4 in Polearms
    33 | D        | Killed an iguana
    34 | D        | Reached skill level 5 in Fighting
    34 | D        | Reached skill level 5 in Polearms
    34 | D        | Reached skill level 5 in Armour
    34 | D        | Reached XP level 2. HP: 19/29 MP: 1/1
    34 | D        | Reached XP level 3. HP: 24/36 MP: 2/2
    38 | D        | Reached skill level 6 in Polearms
    43 | D        | Killed a scorpion
    44 | D        | Reached skill level 7 in Polearms
    44 | D        | Reached XP level 4. HP: 23/45 MP: 3/3
    50 | D        | Found a snail-covered altar of Cheibriados.
    50 | D        | Found a shadowy altar of Dithmenos.
    50 | D        | Found a white marble altar of Elyvilon.
    50 | D        | Found a blossoming altar of Fedhas.
    50 | D        | Found an opulent altar of Gozag.
    51 | D        | Found a hazy altar of Hepliaklqana.
    52 | D        | Found a viscous altar of Jiyva.
    53 | D        | Found an ancient bone altar of Kikubaaqudgha.
    54 | D        | Found a corrupted altar of Lugonu.
    55 | D        | Found a burning altar of Makhleb.
    56 | D        | Found a sparkling altar of Nemelex Xobeh.
    57 | D        | Found an iron altar of Okawaru.
    58 | D        | Found a stormy altar of Qazlal.
    59 | D        | Found a sacrificial altar of Ru.
    60 | D        | Found a shimmering blue altar of Sif Muna.
    61 | D        | Found a bloodstained altar of Trog.
    62 | D        | Found a hide-covered altar of Uskayaw.
    63 | D        | Found a radiant altar of Vehumet.
    64 | D        | Found an ornate altar of the Wu Jian Council.
    65 | D        | Found a shimmering altar of Xom.
    66 | D        | Found a basalt altar of Yredelemnul.
    67 | D        | Found a glowing silver altar of Zin.
    68 | D        | Found a glowing golden altar of the Shining One.
    76 | D        | Became a worshipper of the Shining One
   125 | D        | Noticed a yak
   125 | D        | Noticed an orc warrior
   125 | D        | Noticed a centaur
   125 | D        | Reached * piety under the Shining One
   125 | D        | Noticed a two-headed ogre
   125 | D        | Noticed an orc warrior
   128 | D        | Killed an orc warrior
   129 | D        | Reached skill level 9 in Polearms
   129 | D        | Reached XP level 5. HP: 52/52 MP: 4/4
   132 | D        | Killed a two-headed ogre
   133 | D        | Reached skill level 10 in Fighting
   133 | D        | Reached skill level 14 in Polearms
   133 | D        | Reached skill level 10 in Armour
   133 | D        | Reached XP level 6. HP: 33/67 MP: 5/5
   133 | D        | Reached XP level 7. HP: 37/73 MP: 6/6
   138 | D        | Killed a yak
   139 | D        | Reached XP level 8. HP: 43/82 MP: 7/7
   142 | D        | Reached skill level 15 in Polearms
   257 | D        | Noticed a cyclops
   257 | D        | Noticed a tengu warrior
   257 | D        | Reached ** piety under the Shining One
   257 | D        | Noticed a brown ugly thing
   257 | D        | Noticed a slime creature
   257 | D        | Noticed an unseen horror
   262 | D        | Killed an unseen horror
   268 | D        | Killed a slime creature
   269 | D        | Reached skill level 16 in Polearms
   274 | D        | Killed a brown ugly thing
   284 | D        | Reached skill level 17 in Polearms
   284 | D        | Reached XP level 9. HP: 61/92 MP: 8/8
   296 | D        | Killed a tengu warrior
   297 | D        | Reached skill level 18 in Polearms
   299 | D        | Killed a cyclops
   602 | D        | Reached *** piety under the Shining One
   602 | D        | Noticed a cane toad
   602 | D        | Noticed a black mamba
   608 | D        | Killed a black mamba
   612 | D        | Noticed a rime drake
   615 | D        | Killed a cane toad
   616 | D        | Reached skill level 19 in Polearms
   619 | D        | Reached XP level 10. HP: 60/104 MP: 9/9
   625 | D        | Noticed a skyshark
   634 | D        | Killed a skyshark
   635 | D        | Reached skill level 15 in Fighting
   635 | D        | Reached skill level 20 in Polearms
   635 | D        | Reached skill level 15 in Armour
   843 | D        | Reached **** piety under the Shining One
   843 | D        | Noticed a cane toad
   848 | D        | Noticed a black mamba
   850 | D        | Noticed an elephant
   852 | D        | Killed a cane toad
   853 | D        | Reached ***** piety under the Shining One
   860 | D        | Killed a black mamba
   861 | D        | Reached skill level 21 in Polearms
   872 | D        | Killed an elephant
   898 | D        | Noticed a death yak
   898 | D        | Noticed a death yak
   898 | D        | Noticed a death yak
   900 | D        | Noticed a catoblepas
   904 | D        | Killed a death yak
   905 | D        | Reached XP level 11. HP: 96/115 MP: 10/10
   907 | D        | Reached skill level 22 in Polearms
   913 | D        | Killed a death yak
   917 | D        | Killed a death yak
   934 | D        | Killed a catoblepas
  1239 | D        | Noticed Joseph
  1251 | D        | Killed Joseph
  1252 | D        | Reached skill level 23 in Polearms
  1259 | D        | Noticed Maurice
  1259 | D        | Noticed Psyche
  1348 | D        | Killed Psyche
  1416 | D        | Killed Maurice
  1435 | D        | Noticed Erolcha
  1443 | D        | Killed Erolcha
  1443 | D        | Reached ****** piety under the Shining One
  1530 | D        | Noticed an orc knight
  1545 | D        | Killed an orc knight
  1617 | D        | Noticed an orc knight
  1632 | D        | Killed an orc knight
  1633 | D        | Reached skill level 24 in Polearms
  1909 | D        | Found Ikloc's Distillery.
  1909 | D        | Noticed an ogre mage
  1909 | D        | Noticed an ogre mage
  1909 | D        | Noticed a stone giant
  1909 | D        | Noticed a deep troll
  1909 | D        | Noticed an iron troll
  1910 | D        | Noticed a deep troll
  1915 | D        | Killed an iron troll
  1916 | D        | Found Geesmuob's General Store.
  1916 | D        | Noticed a deep troll
  1920 | D        | Killed a stone giant
  1921 | D        | Noticed an ogre mage
  1925 | D        | Killed a deep troll
  1926 | D        | Reached XP level 12. HP: 51/128 MP: 11/11
  1926 | D        | Found Bypimn's General Store.
  1930 | D        | Paralysed by an ogre mage for 2 turns
  1934 | D        | HP: 6/128 [ogre mage/bolt of magma (11)]
  1936 | D        | Killed an ogre mage
  1937 | D        | Reached skill level 25 in Polearms
  1941 | D        | Killed an ogre mage
  1942 | D        | Found Nunuokh's Jewellery Shop.
  1956 | D        | Killed an ogre mage
  1967 | D        | Noticed an ogre mage
  1968 | D        | Noticed an ogre mage
  1976 | D        | Killed an ogre mage
  1977 | D        | Reached skill level 26 in Polearms
  1986 | D        | Killed an ogre mage
  2035 | D        | Bought a +6 ring of strength for 432 gold pieces
  2045 | D        | Bought a +6 ring of strength for 504 gold pieces
  2049 | D        | Bought a potion of curing for 42 gold pieces
  2049 | D        | Bought a potion of haste for 140 gold pieces
  2049 | D        | Bought a potion of curing for 42 gold pieces
  2049 | D        | Bought a potion of curing for 42 gold pieces
  2049 | D        | Bought a potion of attraction for 42 gold pieces
  2049 | D        | Bought a potion of brilliance for 56 gold pieces
  2055 | D        | Bought a scroll of vulnerability for 44 gold pieces
  2057 | D        | Bought a scroll of fear for 56 gold pieces
  2057 | D        | Bought a potion of lignification for 42 gold pieces
  2057 | D        | Bought a scroll of immolation for 56 gold pieces
  2059 | D        | Bought a ring of protection from fire for 300 gold pieces
  2371 | D        | Noticed a centaur warrior
  2371 | D        | Noticed a catoblepas
  2374 | D        | Killed a catoblepas
  2379 | D        | Noticed a stone giant
  2382 | D        | Noticed a vampire knight
  2384 | D        | Noticed a fire dragon
  2386 | D        | Killed a centaur warrior
  2389 | D        | Noticed an ettin
  2392 | D        | Noticed a deep troll shaman
  2395 | D        | Killed a stone giant
  2396 | D        | Reached skill level 27 in Polearms
  2397 | D        | Noticed a frost giant
  2405 | D        | Killed a vampire knight
  2407 | D        | Killed from afar by a fire dragon

Illustrated notes

Levels and vault maps discovered:
D:        linesprint [early_d, line_temple, items_1, d_10, items_2, lair_1,
          lair_end, items_3, orc_1, orc_end, items_4, d_15, swamp_1, shoals_1,
          snake_1, spider_1, d_20, vaults_1, items_5, swamp_end, shoals_end,
          snake_end, spider_end, vaults_end, d_27, items_6, zot_1, zot_end,
          crypt_end, forest_end, elf_end, slime_end, tomb_end, abyss_end,
          pan_hell_end]

Skill      XL: |  1  2  3  4  5  6  7  8  9 10 11 12 |
---------------+-------------------------------------+-----
Polearms       | 5 7 9 14 17 19 21 24 27 | 27.0
Fighting       | 5 6 7 10 11 12 14 16 18 20 | 20.6
Armour         | 5 6 7 10 11 12 14 16 18 20 | 20.6
Shields        | |  3.6

Action                     |  1- 3 |  4- 6 |  7- 9 | 10-12 || total
---------------------------+-------+-------+-------+-------++-------
  Melee: Trident           |    28 |       |       |       ||    28
         Headbutt          |     2 |     2 |    16 |    55 ||    75
         Halberd           |       |     7 |    63 |   242 ||   312
         Unarmed           |       |       |       |     7 ||     7
    Use: Potion            |       |       |     1 |     5 ||     6
         Scroll            |       |       |       |     5 ||     5
 Armour: Scale mail        |     9 |       |       |       ||     9
         Ring mail         |       |     1 |     2 |       ||     3
         Plate armour      |       |       |    32 |    82 ||   114
  Dodge: Dodged            |     8 |     4 |    15 |    53 ||    80
  Block: Buckler           |     7 |       |       |       ||     7
